 Dungeon Crawl Stone Soup version 0.31-a0-177-g4aa6249778 (webtiles) character file.

Game seed: 4758563372571263335

11122 NoAnimeNoLife the Carver (level 11, -1/62 HPs)
             Began as a Tengu Gladiator on June 19, 2023.
             Was a High Priest of Vehumet.
             Shot with an arrow by a centaur (4 damage)
             ... led by a centaur warrior
             ... on level 12 of the Dungeon.
             The game lasted 00:11:53 (10385 turns).

NoAnimeNoLife the Carver (Tengu Gladiator)         Turns: 10385, Time: 00:11:54

Health: -1/62      AC: 11    Str: 19    XL:     11   Next: 72%
Magic:  23/23      EV: 18    Int:  8    God:    Vehumet [*****.]
Gold:   919        SH:  0    Dex: 25    Spells: 6/25 levels left

rFire   . . .        h - +0 double sword of the Doomed Warrior {speed, +Blink rPois Str+3 Stlth+}
rCold   . . .        (no shield)
rNeg    . . .        G - +1 swamp dragon scales
rPois   +            c - +2 hat
rElec   .            (no cloak)
rCorr   +            B - +0 pair of gloves
SInv    .            (boots unavailable)
Will    .....        (no amulet)
Stlth   ++++         j - ring of resist corrosion
HPRegen 0.30/turn    m - +6 ring of dexterity
MPRegen 0.18/turn

%: no passive effects
@: flying quickly and evasively, quick
A: beak, talons 3, nimble flight
a: Renounce Religion, Evoke Blink


You were on level 12 of the Dungeon.
You worshipped Vehumet.
Vehumet was extremely pleased with you.
You visited 1 branch of the dungeon, and saw 12 of its levels.
You also visited: Ossuary and Bailey.

You collected 919 gold pieces.

Inventory:

Hand Weapons
 a - a +0 long sword
 f - a +2 short sword of freezing
 h - the +0 double sword of the Doomed Warrior (weapon) {speed, +Blink rPois Str+3 Stlth+}
   (You acquired it on level 6 of the Dungeon)

   Str:       It affects your strength (+3).
   rPois:     It protects you from poison.
   +Blink:    It lets you blink.
   Stlth:     It makes you more stealthy.
Missiles
 d - 6 throwing nets (quivered)
 e - a javelin
 l - 3 silver javelins
Armour
 b - a +0 leather armour
 c - a +2 hat (worn)
 y - a +2 ring mail of cold resistance
 B - a +0 pair of gloves (worn)
 G - +1 swamp dragon scales (worn)
Jewellery
 j - a ring of resist corrosion (left hand)
 k - a ring of magical power
 m - a +6 ring of dexterity (right hand)
Wands
 u - a wand of flame (9)
 H - a wand of paralysis (7)
 J - a wand of digging (2)
Scrolls
 i - 2 scrolls of poison
 o - 2 scrolls of silence
 p - 6 scrolls of teleportation
 s - 7 scrolls of noise
 t - 5 scrolls of amnesia
 A - 2 scrolls of enchant weapon
 I - a scroll of brand weapon
 K - 2 scrolls of immolation
 L - 2 scrolls of revelation
 M - a scroll of fog
Potions
 n - 3 potions of lignification
 q - a potion of degeneration {unknown}
 r - 5 potions of mutation
 v - 4 potions of curing
 w - 3 potions of cancellation {unknown}
 x - 2 potions of might {unknown}
 z - 3 potions of brilliance {unknown}
 C - a potion of invisibility {unknown}
 D - a potion of ambrosia {unknown}
 E - a potion of resistance {unknown}
 F - a potion of enlightenment {unknown}
 P - a potion of berserk rage {unknown}


   Skills:
 - Level 4.3 Fighting
 - Level 12.6 Long Blades
 - Level 2.0 Throwing
 - Level 5.4 Dodging
 - Level 6.8 Stealth
 + Level 7.6 Spellcasting
 - Level 7.1 Conjurations
 - Level 7.9 Air Magic


You had 6 spell levels left.
You knew the following spells:

 Your Spells              Type           Power      Damage    Failure   Level
a - Freezing Cloud        Conj/Ice/Air   5%         6-21      30%         5
b - Vhi's Electric Charg  Tloc/Air       18%        N/A       21%         3
c - Arcjolt               Conj/Air       7%         1d17      12%         5
d - Plasma Beam           Fire/Air       4%         2x1d14    92%         6

Your spell library contained the following spells:

 Spells                   Type           Power      Damage    Failure   Level
 Conjure Ball Lightning   Conj/Air       7%         3x3d6     50%         6
 Stone Arrow              Conj/Erth      16%        3d8       7%          3
 Sandblast                Erth           6%         2d5       10%         1
 Passwall                 Tmut/Erth      2%         N/A       47%         2


Dungeon Overview and Level Annotations

Branches:
Dungeon (12/15)            Temple (0/1) D:4            Lair (0/5) D:11
    Orc (0/2) D:9         Ossuary (visited)          Bailey (visited)

Altars:
Cheibriados
Dithmenos
Fedhas
Makhleb
Qazlal
Sif Muna
Vehumet
Wu Jian
Xom
The Shining One

Shops:
D:8 *   D:9 *

Annotations:
D:8 3 runed translucent doors
D:10 3 runed translucent doors, Opifex's ghost, journeyman DsFi


Innate Abilities, Weirdness & Mutations

You have a beak for a mouth.
You have claws for feet.
Your magical nature lets you fly swiftly and evasively.


Message History

The troll is moderately wounded.
You slash the troll! You claw the troll. You peck the troll, but do no damage.
The troll is heavily wounded.
The troll misses you. The troll claws you. The troll barely misses you.
You hit the troll but do no damage. You claw the troll!
The troll is severely wounded.
You slash the troll! You peck the troll.
The troll is almost dead.
The troll misses you. The troll closely misses you.
The troll barely misses you.
You slice the troll!!
You kill the troll!
Vehumet accepts your kill.
No target in view!
No target in view!
No target in view!
No target in view!
A centaur warrior is nearby!
The centaur warrior wields a +0 shortbow.
The centaur warrior shoots an arrow.
The arrow hits you!
There are monsters nearby!
The centaur shouts! x3
The centaur wields a +0 orcbow.
The centaur shoots an arrow.
The arrow hits you.
The centaur shoots an arrow.
The arrow barely misses you.
The centaur warrior shoots an arrow.
The arrow hits you!
A centaur comes into view.
The centaur shoots an arrow.
The arrow hits you.
The centaur shouts!
You hear a shout!
You are too injured to fight recklessly!
There are monsters nearby!
You are too injured to fight recklessly!
There are monsters nearby!
As you read the scroll of fog, it dissolves into smoke.
The centaur warrior shoots an arrow.
The arrow hits you!
* * * LOW HITPOINT WARNING * * *
The centaur shoots an arrow.
The arrow completely misses you.
The centaur shoots an arrow.
The arrow hits you!
* * * LOW HITPOINT WARNING * * *
The centaur shoots an arrow.
The arrow hits you.
You die...

............# .#
..........?..## #
..............## .
..c............#..
........)...#.....
..........).......
....c..............
#.c...§§.†..<...##
#...§@§.........
##.c§§§.........
#..............
.c.....c..#...........
#.....######..........
##.>..# ##.........
###.....# ###......
...!...c## .....
.....ccc.#


You could see a centaur warrior and 4 centaurs.

Vanquished Creatures
  5 two-headed ogres
  An unseen horror (D:11)
  Maggie (D:8)
  2 trolls
  A shadow (D:10)
  A wraith (D:12)
  6 yaks (D:8)
  4 wyverns
  A steam dragon (D:9)
  A basilisk (D:11)
  3 vampire mosquitoes (D:10)
  2 acid dragons
  4 water moccasins (D:11)
  3 black bears
  An ice beast (D:8)
  A sky beast (D:6)
  3 orc warriors
  2 ogres (D:6)
  7 wolves
  3 centaurs
  A kobold brigand (D:7)
  7 bullfrogs
  7 gnoll sergeants (Bailey)
  A scorpion (D:5)
  5 killer bees (D:7)
  6 howler monkeys
  A crimson imp (D:7)
  A human zombie (Ossuary)
  2 hounds (Bailey)
  2 jellies
  An orc priest (D:7)
  6 gnoll boudas
  A sleepcap (D:6)
  3 iguanas
  4 orc wizards
  2 hound zombies (Ossuary)
  4 mummies (Ossuary)
  20 gnolls
  6 adders
  2 ufetubi
  An adder zombie (Ossuary)
  2 worms
  2 dart slugs
  21 orcs
  11 ball pythons
  8 endoplasms
  5 giant cockroaches
  5 hobgoblins
  14 kobolds
  7 quokkas
  3 bats
  5 frilled lizards
  3 gnoll zombies (Ossuary)
  14 goblins
  2 jackal zombies (Ossuary)
  2 kobold zombies (Ossuary)
  An orc zombie (Ossuary)
  6 rats
246 creatures vanquished.

Notes
Turn   | Place    | Note
-------+----------+-------------------------------------------
     0 | D:1      | NoAnimeNoLife the Tengu Gladiator began the quest for the
                  | Orb.
     0 | D:1      | Reached XP level 1. HP: 12/12 MP: 2/2
   142 | D:1      | Reached skill level 1 in Stealth
   142 | D:1      | Reached XP level 2. HP: 17/17 MP: 3/3
   620 | D:2      | Reached XP level 3. HP: 19/21 MP: 4/4
   629 | D:2      | Reached skill level 4 in Long Blades
  1140 | D:2      | Found a snail-covered altar of Cheibriados.
  1169 | D:2      | Reached XP level 4. HP: 19/26 MP: 5/5
  1473 | D:3      | Found a faded altar of an unknown god.
  1549 | D:3      | Prayed at the altar of an unknown god.
  1549 | D:3      | Became a worshipper of Vehumet
  1549 | D:3      | Reached * piety under Vehumet
  1549 | D:3      | Offered knowledge of Kiss of Death by Vehumet.
  2036 | D:4      | Found a snail-covered altar of Cheibriados.
  2040 | D:4      | Found a blossoming altar of Fedhas.
  2228 | D:4      | Found a staircase to the Ecumenical Temple.
  2342 | D:4      | Gained mutation: Your magical nature lets you fly swiftly
                  | and evasively. [Tengu growth]
  2342 | D:4      | Reached XP level 5. HP: 28/30 MP: 6/6
  2378 | D:4      | Offered knowledge of Foxfire by Vehumet.
  2379 | D:4      | Reached skill level 5 in Long Blades
  2405 | D:4      | Reached ** piety under Vehumet
  2582 | D:5      | Entered Level 5 of the Dungeon
  2679 | D:5      | Found a glowing golden altar of the Shining One.
  2747 | D:5      | Reached XP level 6. HP: 31/35 MP: 7/7
  3128 | D:6      | Reached skill level 6 in Long Blades
  3128 | D:6      | Reached skill level 5 in Stealth
  3302 | D:6      | Noticed an orc warrior
  3318 | D:6      | Killed an orc warrior
  3319 | D:6      | Reached XP level 7. HP: 8/40 MP: 8/8
  3414 | D:6      | Found a sand-covered staircase.
  3421 | Ossuary  | Entered an ossuary
  3442 | Ossuary  | Reached skill level 7 in Long Blades
  3552 | Ossuary  | Offered knowledge of Hailstorm by Vehumet.
  3791 | D:6      | Reached XP level 8. HP: 44/44 MP: 9/9
  4035 | D:6      | Identified a scroll of acquirement
  4035 | D:6      | Acquired the +0 double sword of the Doomed Warrior {speed,
                  | +Blink rPois Str+3 Stlth+}
  4168 | D:6      | Reached *** piety under Vehumet
  4322 | D:7      | Offered knowledge of Stone Arrow by Vehumet.
  4325 | D:7      | Found a flagged portal.
  4362 | Bailey   | Entered a bailey
  4379 | Bailey   | Reached skill level 8 in Long Blades
  4633 | Bailey   | Reached skill level 5 in Air Magic
  4853 | Bailey   | Reached XP level 9. HP: 51/51 MP: 10/10
  5002 | Bailey   | Identified the +1 battleaxe of Vappykka {freeze, rCorr
                  | Str-3 Int+7 SInv}
  5025 | Bailey   | Reached skill level 5 in Dodging
  5520 | D:7      | Reached **** piety under Vehumet
  5941 | D:7      | Found a burning altar of Makhleb.
  5942 | D:7      | Found a radiant altar of Vehumet.
  6093 | D:7      | Reached skill level 9 in Long Blades
  6190 | D:8      | Found a shimmering altar of Xom.
  6262 | D:8      | Offered knowledge of Freezing Cloud by Vehumet.
  6263 | D:8      | Reached skill level 10 in Long Blades
  6268 | D:8      | Reached XP level 10. HP: 50/58 MP: 11/11
  6277 | D:8      | Reached skill level 11 in Long Blades
  6288 | D:8      | Learned a level 5 spell: Freezing Cloud
  6453 | D:8      | Found Facynomo's Overcharged Wands.
  6495 | D:8      | Found a runed translucent gate.
  6495 | D:8      | Found a runed translucent gate.
  6495 | D:8      | Found a runed translucent gate.
  6495 | D:8      | Noticed a cyan ugly thing
  6495 | D:8      | Noticed a cyan ugly thing
  6495 | D:8      | Noticed a purple ugly thing
  6496 | D:8      | Noticed a white ugly thing
  6503 | D:8      | Noticed a red ugly thing
  6553 | D:8      | Found an ornate altar of the Wu Jian Council.
  6553 | D:8      | Found a stormy altar of Qazlal.
  6608 | D:8      | Reached skill level 1 in Spellcasting
  6633 | D:8      | Noticed Maggie
  6644 | D:8      | Killed Maggie
  6952 | D:9      | Noticed a two-headed ogre
  6964 | D:9      | Killed a two-headed ogre
  6976 | D:9      | Noticed a two-headed ogre
  6998 | D:9      | Killed a two-headed ogre
  6999 | D:9      | Reached skill level 5 in Spellcasting
  7053 | D:9      | HP: 1/58 [orc warrior/+0 glaive (11)]
  7408 | D:9      | Found Xuska's Fire Supplies.
  7674 | D:9      | Found a staircase to the Orcish Mines.
  7790 | D:9      | Learned a level 3 spell: Vhi's Electric Charge
  7796 | D:9      | Learned a level 5 spell: Arcjolt
  7803 | D:9      | Learned a level 6 spell: Plasma Beam
  7906 | D:10     | Entered Level 10 of the Dungeon
  7915 | D:10     | Reached skill level 1 in Conjurations
  8051 | D:10     | Found a shadowy altar of Dithmenos.
  8285 | D:10     | Found a runed translucent gate.
  8286 | D:10     | Found a runed translucent gate.
  8286 | D:10     | Noticed Opifex's ghost (journeyman DsFi)
  8286 | D:10     | Noticed a 12-headed hydra
  8286 | D:10     | Noticed a ten-headed hydra
  8287 | D:10     | Found a runed translucent gate.
  8441 | D:10     | Reached XP level 11. HP: 58/62 MP: 21/21
  8506 | D:10     | Found a shimmering blue altar of Sif Muna.
  8840 | D:11     | Found a staircase to the Lair.
  8860 | D:11     | Reached skill level 12 in Long Blades
  8860 | D:11     | Reached skill level 5 in Conjurations
  8943 | D:11     | Reached ***** piety under Vehumet
  9005 | D:11     | Noticed a two-headed ogre
  9012 | D:11     | Killed a two-headed ogre
  9167 | D:11     | Noticed a two-headed ogre
  9178 | D:11     | Killed a two-headed ogre
  9495 | D:11     | Offered knowledge of Conjure Ball Lightning by Vehumet.
 10017 | D:12     | Noticed a rakshasa
 10025 | D:12     | Noticed a centaur warrior
 10036 | D:11     | HP: 1/62 [rakshasa/+0 heavy long sword (3)]
 10347 | D:12     | Noticed a two-headed ogre
 10354 | D:12     | Killed a two-headed ogre
 10385 | D:12     | HP: 3/62 [centaur/arrow[a centaur warrior] (9)]
 10385 | D:12     | Shot with an arrow by a centaur

Illustrated notes

Levels and vault maps discovered:
D:1:      heliophobic_arrival_dark_side_of_the_moon, layout_rooms, st_stairs_12
D:2:      minmay_inner_zag, layout_loops_ring, basic_altar
D:3:      layout_rooms, basic_ecumenical_altar, chequers_serial_rivers_small_3
D:4:      layout_basic, chequers_temple_overflow_statue_of_worship,
          minmay_temple_entry_from_below_a, hangedman_decor_opposing
D:5:      layout_basic, mainiacjoe_overflow_small_starburst,
          guppyfry_early_lair_pool
D:6:      layout_loops_ring, enter_ossuary_1
D:7:      layout_basic, grunt_temple_overflow_lords_of_destruction,
          enter_bailey_5
D:8:      hellmonk_destroyed_diamonds, layout_loops_ring, xom_teletrap_fun,
          gammafunk_temple_overflow_statue,
          ploomutoo_gammafunk_ghost_potion_laboratory,
          nicolae_shop_overcharged_wands, uniq_maggie
D:9:      layout_loops_ring, orc_0_dummy, nicolae_shop_fire_sale
          [nicolae_sub_dead_trees], minmay_misc_feat_doors
D:10:     layout_irregular_city, mainiacjoe_overflow_big_doors,
          gammafunk_ghost_hydra_chop, hangedman_decor_points
D:11:     layout_stronghold, minmay_lair_entry_grove,
          chequers_serial_rivers_micro_b
D:12:     layout_layer_cave

Skill      XL: |  1  2  3  4  5  6  7  8  9 10 11 |
---------------+----------------------------------+-----
Stealth        | 1 2 3 4 5 6 |  6.8
Long Blades    | 4 5 6 7 8 10 11 12 | 12.6
Air Magic      | 5 7 |  7.9
Dodging        | 4 5 |  5.4
Fighting       | 3 4 |  4.3
Spellcasting   | 6 7 |  7.6
Conjurations   | 2 7 |  7.1
Throwing       | |  2.0

Action                     |  1- 3 |  4- 6 |  7- 9 | 10-12 || total
---------------------------+-------+-------+-------+-------++-------
  Melee: Long sword        |    13 |       |       |       ||    13
         Kick              |    15 |    38 |   107 |    78 ||   238
         Peck              |     8 |    19 |    58 |    60 ||   145
         Short sword       |    72 |   118 |   101 |       ||   291
         Punch             |     1 |     1 |     4 |     3 ||     9
         Double sword      |       |       |   204 |   244 ||   448
  Throw: Throwing net      |       |       |     4 |     7 ||    11
  Evoke: Wand              |       |     4 |     3 |    11 ||    18
    Use: Potion            |       |     2 |     2 |     6 ||    10
         Scroll            |       |     7 |     8 |     6 ||    21
   Stab: Sleeping          |     6 |    12 |     6 |     5 ||    29
         Distracted        |       |       |     2 |     6 ||     8
         Held in net/web   |       |       |     1 |     4 ||     5
 Armour: Leather armour    |    24 |     4 |       |       ||    28
         Ring mail         |       |     5 |    95 |     3 ||   103
         Swamp dragon scal |       |       |       |    59 ||    59
  Dodge: Dodged            |    37 |    53 |   275 |   154 ||   519

Table legend: (Time is in decaauts)
 A = Elapsed time spent in this place.
 B = Non-inter-level travel time spent in this place.
 C = Inter-level travel time spent in this place.
 D = Time resting spent in this place.
 E = Time spent auto-exploring this place.
 F = Levels seen in this place.
 G = Mean time per level.
                   A        B        C        D        E       F      G
               +--------+--------+--------+--------+--------+-----+--------+
         Total |   9698 |   9397 |    301 |   1285 |   6192 |  14 |  692.7 |
       Dungeon |   8347 |   8046 |    301 |    713 |   5854 |  12 |  695.6 |
       Ossuary |    307 |    307 |      0 |      0 |    208 |   1 |  307.0 |
        Bailey |   1043 |   1043 |      0 |    571 |    128 |   1 | 1043.0 |
               +--------+--------+--------+--------+--------+-----+--------+

Top non-repeatable levels by time:
    D:11: 1339 daAuts
  Bailey: 1043 daAuts
     D:9: 913 daAuts
     D:2: 898 daAuts
    D:10: 862 daAuts
     D:6: 748 daAuts
     D:4: 729 daAuts
     D:7: 695 daAuts
     D:8: 682 daAuts
     D:1: 555 daAuts
     D:5: 442 daAuts
     D:3: 401 daAuts
 Ossuary: 307 daAuts
    D:12: 78 daAuts
